 Dungeon Crawl Stone Soup version 0.29.0-4-gdea44cf6ec (webtiles) character file.

Game seed: 16351166400251986094

30 qw the Chopper (level 3, -1/21 HPs)
             Began as a Tengu Warper on Aug 28, 2022.
             Slain by an orc
             ... wielding a +0 hand axe
              (4 damage)
             ... on level 1 of the Dungeon.
             The game lasted 00:00:05 (822 turns).

qw the Chopper (Tengu Warper)                        Turns: 822, Time: 00:00:05

Health: -1/21      AC:  3    Str: 13    XL:     3   Next: 18%
Magic:  7/7        EV: 12    Int: 13    God:
Gold:   11         SH:  0    Dex: 13    Spells: 6/6 levels left

rFire   . . .      SeeInvis .   a - +0 war axe
rCold   . . .      Faith    .   (no shield)
rNeg    . . .      Spirit   .   b - +0 leather armour
rPois   .          Reflect  .   (helmet restricted)
rElec   .          Harm     .   (no cloak)
rCorr   .          Rampage  .   (no gloves)
Will    .....                   (boots unavailable)
Stlth   +.........              (no amulet)
HPRegen 0.07/turn               (no ring)
MPRegen 0.10/turn               (no ring)

@: lethally poisoned (-1 -> -2)
A: beak, talons 3
a: no special abilities


You were on level 1 of the Dungeon.
You visited 1 branch of the dungeon, and saw 2 of its levels.

You collected 11 gold pieces.


Innate Abilities, Weirdness & Mutations

You have a beak for a mouth.
You have claws for feet.


   Skills:
 - Level 2.0 Fighting
 + Level 3.9 Axes
 - Level 1.0 Throwing
 - Level 1.1 Armour
 - Level 2.1 Dodging
 - Level 2.0 Spellcasting
 - Level 2.4 Translocations


You had 6 spell levels left.
You didn't know any spells.
Your spell library contained the following spells:

 Spells                   Type           Power      Damage    Failure   Level
 Blink                    Tloc           14%        N/A       19%         2
 Gell's Gravitas          Tloc           7%         N/A       36%         3
 Lesser Beckoning         Tloc           7%         N/A       36%         3
 Teleport Other           Tloc           7%         N/A       36%         3
 Manifold Assault         Tloc           7%         N/A       98%         5

Inventory:

Hand Weapons
 a - a +0 war axe (weapon)
Armour
 b - a +0 leather armour (worn)
Scrolls
 g - a scroll of identify
Potions
 h - a potion of heal wounds {unknown}

Dungeon Overview and Level Annotations

Branches:
Dungeon (2/15)

Altars:


Message History

The orc is heavily wounded.
The orc hits you with a +0 war axe.
You hit the orc but do no damage. You claw the orc.
You kill the orc!
You start resting.
HP restored.
a - a +0 war axe You see here a +0 leather armour.
Done exploring.
814 ||| SWAPPING to +0 war axe.
a - a +0 war axe (weapon)
815 ||| DROPPING +0 hand axe.
You drop a +0 hand axe.
Done exploring.
(D) Dungeon
Where to? (* - list waypoints, Enter - D:2, ? - help)
What level of the Dungeon? (default 1, ? - help)
There is a stone staircase leading down, spattered with blood here.
You climb downwards.
The kobold shouts!
The orc hits you but does no damage. The orc closely misses you.
The orc barely misses you.
There is a stone staircase leading up here.
819 ||| STAIRDANCE The orc closely misses you.
The orc hits you with a +0 hand axe! The adder barely misses you.
The orc hits you with a +0 club.
You climb upwards.
There is a stone staircase leading down, spattered with blood here.
You slash the adder! Your kick misses the adder.
The adder is almost dead.
You barely miss the orc. You hit the orc. You barely miss the orc.
The adder bites you.
You are poisoned.
The adder poisons you! The orc closely misses you. The orc barely misses you.
The orc closely misses you. The adder bites you but does no damage.
You miss the adder.
The adder is almost dead.
You barely miss the orc. You closely miss the orc. You barely miss the orc.
You feel sick. The orc hits you but does no damage.
The orc hits you with a +0 hand axe.
You die...

#.# #...# #...# # #.###.###
##.## #.....# #.#### ###...#
#....###### #...#
####......## ##.#.# ######..#
#######..#.###############.##
#....!..##.o.o.............%.
#..........o@S.....########%#
##################..## #..%.
##..####.... ##.........
######%... #.... #.... #....
#....


You could see an adder and 3 orcs.

Vanquished Creatures
  A dart slug (D:1)
  An orc (D:1)
  2 endoplasms (D:1)
  4 goblins (D:1)
  3 hobgoblins (D:1)
  A ball python (D:1)
  8 bats (D:1)
  3 frilled lizards (D:1)
  5 rats (D:1)
28 creatures vanquished.

Notes
Turn   | Place    | Note
-------+----------+-------------------------------------------
     0 | D:1      | qw the Tengu Warper began the quest for the Orb.
     0 | D:1      | Reached XP level 1. HP: 12/12 MP: 4/4
     0 | D:1      | 0 ||| qw: Version: 0.1-a-89-g26bdef1
     0 | D:1      | 0 ||| qw: Game counter: 2760
     0 | D:1      | 0 ||| qw: Always use a shield: true
     0 | D:1      | 0 ||| qw: God list: Okawaru
     0 | D:1      | 0 ||| qw: Allow faded altars: false
     0 | D:1      | 0 ||| qw: Do Orc after D:15 true
     0 | D:1      | 0 ||| qw: Do second Lair branch before Depths: true
     0 | D:1      | 0 ||| qw: Lair rune preference: random
     0 | D:1      | 0 ||| qw: Plans: Normal
     0 | D:1      | 0 ||| PLANNING D:1-11
    23 | D:1      | 23 ||| Stepping ~*~*~tactically~*~*~ (stealth).
    68 | D:1      | 68 ||| Stepping ~*~*~tactically~*~*~ (stealth).
    70 | D:1      | 70 ||| Stepping ~*~*~tactically~*~*~ (stealth).
   103 | D:1      | Reached XP level 2. HP: 17/17 MP: 6/6
   135 | D:1      | Reached skill level 3 in Axes
   513 | D:1      | Reached XP level 3. HP: 21/21 MP: 7/7
   618 | D:1      | 618 ||| Stepping ~*~*~tactically~*~*~ (hiding).
   724 | D:1      | 724 ||| READING 2 scrolls labelled QAGGUR JATESSUPH.
   725 | D:1      | 725 ||| READING scroll labelled CEWUTUITES.
   726 | D:1      | 726 ||| READING 3 scrolls labelled LAAHOX RYUNO.
   727 | D:1      | 727 ||| READING 2 scrolls of identify.
   727 | D:1      | 727 ||| IDENTIFYING yellow potion
   728 | D:1      | 728 ||| DROPPING scroll of magic mapping.
   729 | D:1      | 729 ||| DROPPING scroll of blinking.
   730 | D:1      | 730 ||| DROPPING potion of flight.
   740 | D:2      | 740 ||| STAIRDANCE
   814 | D:1      | 814 ||| SWAPPING to +0 war axe.
   815 | D:1      | 815 ||| DROPPING +0 hand axe.
   819 | D:2      | 819 ||| STAIRDANCE
   821 | D:1      | HP: 5/21 [adder (4)]
   822 | D:1      | Slain by an orc

Levels and vault maps discovered:
D:1:      mushboom_english_gardens, layout_rooms
D:2:      layout_rooms, hellmonk_ecumenical_altar_defaced_shrine, kennysheep_nub

Skill      XL: |  1  2 |
---------------+-------+-----
Axes           | 3 |  3.9
Fighting       | |  2.0
Throwing       | |  1.0
Armour         | |  1.1
Dodging        | |  2.1
Spellcasting   | |  2.0
Translocations | |  2.4

Action                   || total
-------------------------++-------
Melee: Hand axe          ||    54
       Kick              ||    12
       Peck              ||     7
       War axe           ||     2
Throw: Boomerang         ||     7
  Use: Scroll            ||     4
Armor: Leather armour    ||    26
Dodge: Dodged            ||    47

Table legend:
 A = Non-vault XP
 B = Vault XP
 C = Vault XP percentage of total XP
 D = Non-vault monster count
 E = Vault monster count
 F = Vault count percentage of total count
                 A         B        C        D         E       F
            +---------+---------+-------+---------+---------+-------
      Total |      43 |       0 |   0.0 |      28 |       0 |   0.0
            +---------+---------+-------+---------+---------+-------
        D:1 |      43 |       0 |   0.0 |      28 |       0 |   0.0
            +---------+---------+-------+---------+---------+-------
